General information
			
			
        
        - name: BNet
 
        - type: Ladder team game (AT/RT)
 
        - host: Battle.net
 
        - saver: NlGGERBAMA
 
        
map: Goldshire 
        - players: 4
 
        - length: 58:32
 
        - speed: Fast
 - version: 1.22 W3XP
 - replay type:  Public
 
» download(278 KB)
Players
        team 1 (loser) 
              
              
IcySolitude (
green | 73 APM | 4201 actions | 57:51)
              
 7 Mountain King 
 3 Storm Bolt
 3 Bash
 1 Avatar
 
                » actions 
                
                | Assign group hotkey | 46 |  | 
| Basic commands | 38 |  | 
| Build / train | 106 |  | 
| ESC pressed | 1 |  | 
| Enter build submenu | 49 |  | 
| Enter hero's abilities submenu | 7 |  | 
| Give item / drop item | 6 |  | 
| Remove unit from queue | 2 |  | 
| Right click | 1723 |  | 
| Select / deselect | 1179 |  | 
| Select group hotkey | 922 |  | 
| Use ability | 120 |  | 
                4201 total
 » units 
                
                | Peasant | 20 |  | 
| Footman | 8 |  | 
| Flying Machine | 7 |  | 
| Siege Engine | 4 |  | 
| Goblin Zeppelin | 2 |  | 
| Knight | 8 |  | 
| Goblin Sapper | 2 |  | 
                51 total
 » upgrades
                
                | Swords | 3 |  | 
| Defend | 1 |  | 
| Lumber Harvesting | 2 |  | 
| Gunpowder | 1 |  | 
| Masonry | 3 |  | 
| Barrage | 1 |  | 
| Plating | 2 |  | 
| Magic Sentry | 1 |  | 
| Flying Machine Bombs | 1 |  | 
                15 total
 » buildings
                
                | Altar of Kings | 1 |  | 
| Farm | 10 |  | 
| Barracks | 2 |  | 
| Scout Tower | 34 |  | 
| Arcane Tower | 1 |  | 
| Lumber Mill | 1 |  | 
| Keep | 1 |  | 
| Blacksmith | 1 |  | 
| Workshop | 2 |  | 
| Guard Tower | 17 |  | 
| Castle | 1 |  | 
| Arcane Sanctum | 1 |  | 
| Arcane Vault | 1 |  | 
| Town Hall | 3 |  | 
                76 total
 » build order
                00:02 Altar of Kings
00:03 Farm
00:04 Barracks
01:21 Farm
01:49 Scout Tower
01:55 Scout Tower
02:24 Farm
02:32 Arcane Tower
03:11 Lumber Mill
03:25 Keep
04:02 Blacksmith
04:06 Farm
05:16 Farm
05:18 Farm
05:52 Workshop
05:57 Workshop
06:27 Scout Tower
06:33 Scout Tower
06:37 Scout Tower
06:58 Guard Tower
07:04 Guard Tower
07:15 Guard Tower
08:52 Castle
08:58 Scout Tower
09:01 Scout Tower
09:02 Scout Tower
09:03 Scout Tower
09:07 Farm
09:08 Farm
09:10 Farm
09:45 Guard Tower
09:57 Guard Tower
10:35 Guard Tower
10:53 Guard Tower
10:57 Farm
12:20 Barracks
14:13 Arcane Sanctum
15:31 Arcane Vault
16:27 Scout Tower
17:01 Guard Tower
17:01 Guard Tower
17:11 Scout Tower
17:12 Scout Tower
17:14 Scout Tower
17:16 Scout Tower
17:17 Scout Tower
17:18 Scout Tower
17:19 Scout Tower
17:20 Scout Tower
17:25 Town Hall
25:21 Scout Tower
25:23 Scout Tower
25:24 Scout Tower
25:27 Scout Tower
25:29 Scout Tower
25:44 Guard Tower
25:52 Scout Tower
25:54 Guard Tower
25:56 Guard Tower
25:59 Town Hall
26:02 Scout Tower
26:05 Scout Tower
26:07 Guard Tower
26:16 Scout Tower
26:23 Guard Tower
26:25 Scout Tower
26:50 Guard Tower
26:52 Guard Tower
26:56 Scout Tower
27:03 Scout Tower
34:29 Town Hall
34:43 Scout Tower
36:16 Scout Tower
38:02 Guard Tower
44:11 Scout Tower
48:23 Scout Tower
» items
                
                | Scroll of Town Portal | 2 |  | 
| Potion of Healing | 2 |  | 
| Ivory Tower | 4 |  | 
| Scroll of Regeneration | 1 |  | 
| Lesser Clarity Potion | 1 |  | 
                10 total
  
               
              
              
PhNx.BaysicK (
blue | 73 APM | 4276 actions | 58:31)
              
 5 Archmage 
 3 Summon Water Elemental
 2 Brilliance Aura
 
                » actions 
                
                | Assign group hotkey | 50 |  | 
| Basic commands | 28 |  | 
| Build / train | 187 |  | 
| ESC pressed | 3 |  | 
| Enter build submenu | 76 |  | 
| Enter hero's abilities submenu | 7 |  | 
| Remove unit from queue | 5 |  | 
| Right click | 2275 |  | 
| Select / deselect | 1275 |  | 
| Select group hotkey | 189 |  | 
| Use ability | 181 |  | 
                4276 total
 » units 
                
                | Peasant | 25 |  | 
| Footman | 8 |  | 
| Siege Engine | 12 |  | 
| Sorceress | 1 |  | 
| Mortar Team | 3 |  | 
| Knight | 5 |  | 
| Priest | 1 |  | 
                55 total
 » upgrades
                
                | Defend | 1 |  | 
| Lumber Harvesting | 2 |  | 
| Gunpowder | 3 |  | 
| Masonry | 3 |  | 
| Barrage | 1 |  | 
| Swords | 1 |  | 
| Plating | 3 |  | 
| Magic Sentry | 1 |  | 
| Sorceress Training | 1 |  | 
                16 total
 » buildings
                
                | Altar of Kings | 1 |  | 
| Barracks | 1 |  | 
| Farm | 10 |  | 
| Scout Tower | 43 |  | 
| Arcane Vault | 1 |  | 
| Arcane Tower | 15 |  | 
| Keep | 3 |  | 
| Town Hall | 2 |  | 
| Lumber Mill | 3 |  | 
| Guard Tower | 54 |  | 
| Blacksmith | 2 |  | 
| Castle | 3 |  | 
| Workshop | 3 |  | 
| Arcane Sanctum | 1 |  | 
                142 total
 » build order
                00:12 Altar of Kings
00:23 Barracks
00:42 Farm
01:19 Farm
01:49 Farm
01:53 Scout Tower
02:14 Arcane Vault
02:34 Arcane Tower
02:34 Arcane Tower
02:34 Arcane Tower
03:48 Keep
03:48 Keep
05:21 Scout Tower
05:23 Scout Tower
05:36 Town Hall
06:04 Arcane Tower
06:07 Scout Tower
06:09 Scout Tower
06:12 Lumber Mill
06:34 Scout Tower
06:37 Scout Tower
06:47 Scout Tower
07:15 Guard Tower
07:20 Guard Tower
07:20 Guard Tower
07:21 Guard Tower
07:40 Scout Tower
07:43 Scout Tower
07:48 Guard Tower
07:48 Guard Tower
08:02 Blacksmith
08:40 Guard Tower
08:44 Blacksmith
08:51 Guard Tower
08:51 Guard Tower
09:16 Lumber Mill
09:51 Castle
09:59 Workshop
10:17 Scout Tower
10:30 Workshop
10:32 Farm
10:51 Farm
11:10 Scout Tower
11:11 Scout Tower
11:17 Workshop
11:33 Guard Tower
11:34 Guard Tower
11:34 Guard Tower
11:44 Guard Tower
12:07 Farm
12:11 Guard Tower
12:12 Farm
12:54 Scout Tower
12:56 Scout Tower
13:03 Scout Tower
13:07 Scout Tower
13:35 Guard Tower
13:36 Guard Tower
13:37 Scout Tower
13:41 Guard Tower
13:42 Guard Tower
14:02 Guard Tower
14:29 Arcane Sanctum
14:51 Guard Tower
14:51 Guard Tower
14:51 Guard Tower
14:59 Farm
16:53 Scout Tower
16:56 Scout Tower
17:30 Town Hall
17:50 Guard Tower
17:50 Guard Tower
18:05 Farm
18:52 Farm
18:58 Scout Tower
19:00 Scout Tower
21:50 Guard Tower
21:51 Guard Tower
24:28 Scout Tower
24:44 Guard Tower
24:44 Guard Tower
24:45 Guard Tower
24:45 Guard Tower
24:47 Guard Tower
24:47 Guard Tower
24:56 Scout Tower
24:58 Scout Tower
25:00 Guard Tower
25:00 Guard Tower
25:09 Scout Tower
25:24 Guard Tower
25:25 Guard Tower
25:28 Scout Tower
25:29 Scout Tower
25:31 Scout Tower
25:32 Scout Tower
25:34 Scout Tower
25:35 Arcane Tower
25:35 Arcane Tower
25:39 Lumber Mill
25:45 Arcane Tower
25:54 Scout Tower
25:57 Scout Tower
25:58 Scout Tower
26:00 Arcane Tower
26:00 Arcane Tower
26:00 Arcane Tower
26:06 Scout Tower
26:09 Scout Tower
26:14 Scout Tower
26:24 Scout Tower
26:27 Scout Tower
26:29 Scout Tower
26:30 Scout Tower
26:59 Guard Tower
28:23 Arcane Tower
28:31 Arcane Tower
29:15 Guard Tower
29:15 Guard Tower
29:36 Guard Tower
29:49 Scout Tower
29:52 Scout Tower
» items
                
                | Scroll of Regeneration | 4 |  | 
| Scroll of Town Portal | 2 |  | 
| Potion of Healing | 2 |  | 
| Ivory Tower | 5 |  | 
| Potion of Lesser Invulnerability | 1 |  | 
                14 total
  
               team 2 (winner) 
              
              
» 
kum.2ez (
purple | 91 APM | 5355 actions | 58:31)
              
 7 Blademaster 
 3 Wind Walk
 3 Critical Strike
 1 Bladestorm
 6 Shadow Hunter 
 2 Hex
 3 Healing Wave
 1 Big Bad Voodoo
 
                » actions 
                
                | Assign group hotkey | 76 |  | 
| Basic commands | 128 |  | 
| Build / train | 108 |  | 
| ESC pressed | 4 |  | 
| Enter build submenu | 53 |  | 
| Enter hero's abilities submenu | 13 |  | 
| Give item / drop item | 22 |  | 
| Remove unit from queue | 1 |  | 
| Right click | 2596 |  | 
| Select / deselect | 512 |  | 
| Select group hotkey | 1511 |  | 
| Use ability | 330 |  | 
                5355 total
 » units 
                
                | Peon | 19 |  | 
| Goblin Shredder | 3 |  | 
| Goblin Sapper | 6 |  | 
| Goblin Zeppelin | 4 |  | 
| Troll Witch Doctor | 3 |  | 
| Troll Headhunter/Berserker | 1 |  | 
| Demolisher | 9 |  | 
                45 total
 » upgrades
                
                | Witch Doctor Training | 2 |  | 
| Spiked Barricades | 3 |  | 
| Ranged Weapons | 3 |  | 
| Burning Oil | 1 |  | 
| Armor | 3 |  | 
                12 total
 » buildings
                
                | Altar of Storms | 1 |  | 
| Orc Burrow | 4 |  | 
| War Mill | 1 |  | 
| Watch Tower | 39 |  | 
| Stronghold | 2 |  | 
| Voodoo Lounge | 1 |  | 
| Fortress | 2 |  | 
| Spirit Lodge | 1 |  | 
| Beastiary | 1 |  | 
| Barracks | 1 |  | 
| Great Hall | 1 |  | 
                54 total
 » build order
                00:09 Altar of Storms
00:22 Orc Burrow
00:40 War Mill
01:30 Orc Burrow
02:04 Watch Tower
03:04 Watch Tower
03:06 Watch Tower
03:37 Watch Tower
03:56 Stronghold
03:56 Stronghold
04:18 Watch Tower
04:40 Watch Tower
05:17 Voodoo Lounge
05:24 Watch Tower
06:08 Orc Burrow
06:09 Orc Burrow
06:10 Watch Tower
06:11 Watch Tower
06:57 Fortress
06:57 Fortress
08:21 Spirit Lodge
08:23 Beastiary
09:52 Watch Tower
09:53 Watch Tower
10:01 Watch Tower
10:02 Watch Tower
10:17 Watch Tower
10:59 Barracks
11:19 Watch Tower
11:22 Watch Tower
11:23 Watch Tower
12:25 Watch Tower
12:43 Watch Tower
13:03 Watch Tower
14:30 Watch Tower
16:18 Watch Tower
17:42 Watch Tower
17:44 Watch Tower
19:35 Watch Tower
19:37 Watch Tower
21:36 Watch Tower
21:37 Watch Tower
21:38 Watch Tower
22:52 Watch Tower
22:54 Watch Tower
22:54 Watch Tower
29:44 Watch Tower
29:45 Watch Tower
29:46 Watch Tower
29:46 Watch Tower
29:50 Watch Tower
30:45 Great Hall
30:50 Watch Tower
30:50 Watch Tower
» items
                
                | Staff of Teleportation | 2 |  | 
| Boots of Speed | 2 |  | 
| Circlet of Nobility | 2 |  | 
| Potion of Healing | 1 |  | 
| Healing Salve | 4 |  | 
| Potion of Lesser Invulnerability | 1 |  | 
| Orb of Lightning | 3 |  | 
| Lesser Clarity Potion | 9 |  | 
| Scroll of Speed | 1 |  | 
| Potion of Mana | 1 |  | 
                26 total
  
               
              
              
NlGGERBAMA (
red | 44 APM | 2567 actions | 58:32)
              
 9 Blademaster 
 3 Wind Walk
 3 Critical Strike
 1 Bladestorm
 2 Mirror Image
 
                » actions 
                
                | Assign group hotkey | 15 |  | 
| Basic commands | 115 |  | 
| Build / train | 73 |  | 
| ESC pressed | 8 |  | 
| Enter build submenu | 115 |  | 
| Enter hero's abilities submenu | 9 |  | 
| Give item / drop item | 8 |  | 
| Right click | 1070 |  | 
| Select / deselect | 406 |  | 
| Select group hotkey | 421 |  | 
| Use ability | 327 |  | 
                2567 total
 » units 
                
                | Peon | 17 |  | 
| Troll Batrider | 6 |  | 
| Goblin Zeppelin | 1 |  | 
| Demolisher | 7 |  | 
                31 total
 » upgrades
                
                | Spiked Barricades | 1 |  | 
| Liquid Fire | 1 |  | 
| Ranged Weapons | 3 |  | 
| Armor | 4 |  | 
| Envenomed Spears | 1 |  | 
| Troll Regeneration | 1 |  | 
| Burning Oil | 1 |  | 
| Berserker Strength | 1 |  | 
| Reinforced Defenses | 1 |  | 
                14 total
 » buildings
                
                | Altar of Storms | 1 |  | 
| Orc Burrow | 4 |  | 
| War Mill | 1 |  | 
| Watch Tower | 108 |  | 
| Voodoo Lounge | 3 |  | 
| Stronghold | 1 |  | 
| Fortress | 1 |  | 
| Beastiary | 2 |  | 
| Great Hall | 4 |  | 
| Barracks | 1 |  | 
                126 total
 » build order
                00:07 Altar of Storms
00:17 Orc Burrow
00:29 War Mill
01:27 Orc Burrow
01:53 Watch Tower
02:20 Watch Tower
03:02 Voodoo Lounge
03:03 Watch Tower
03:23 Watch Tower
04:25 Stronghold
04:39 Watch Tower
04:40 Watch Tower
05:14 Watch Tower
05:46 Watch Tower
05:47 Watch Tower
06:14 Watch Tower
06:47 Fortress
06:54 Beastiary
07:13 Watch Tower
07:14 Watch Tower
07:18 Watch Tower
07:46 Watch Tower
07:50 Beastiary
08:15 Orc Burrow
08:16 Orc Burrow
08:44 Watch Tower
08:45 Watch Tower
09:44 Watch Tower
09:56 Watch Tower
09:57 Watch Tower
12:17 Great Hall
14:44 Watch Tower
15:40 Watch Tower
15:52 Watch Tower
16:09 Barracks
17:23 Watch Tower
17:24 Watch Tower
19:01 Watch Tower
19:02 Watch Tower
19:04 Watch Tower
19:05 Watch Tower
19:06 Watch Tower
19:06 Watch Tower
19:10 Watch Tower
19:11 Watch Tower
20:10 Great Hall
20:18 Watch Tower
20:19 Watch Tower
20:19 Watch Tower
20:20 Watch Tower
20:22 Watch Tower
20:24 Watch Tower
21:29 Great Hall
21:34 Watch Tower
21:34 Watch Tower
21:35 Watch Tower
21:36 Watch Tower
21:37 Watch Tower
21:42 Watch Tower
21:43 Watch Tower
21:47 Watch Tower
21:49 Watch Tower
22:47 Watch Tower
22:48 Watch Tower
22:49 Watch Tower
22:51 Watch Tower
22:58 Watch Tower
22:59 Watch Tower
23:02 Watch Tower
24:12 Watch Tower
24:30 Voodoo Lounge
26:58 Watch Tower
27:07 Watch Tower
27:08 Watch Tower
27:10 Watch Tower
27:12 Watch Tower
27:13 Watch Tower
28:45 Watch Tower
28:46 Watch Tower
28:47 Watch Tower
28:49 Watch Tower
28:50 Watch Tower
28:52 Watch Tower
28:52 Watch Tower
28:53 Watch Tower
28:54 Watch Tower
28:56 Watch Tower
28:56 Watch Tower
28:57 Watch Tower
29:08 Watch Tower
29:09 Watch Tower
29:12 Watch Tower
29:15 Watch Tower
30:19 Watch Tower
30:29 Watch Tower
31:01 Watch Tower
31:01 Watch Tower
31:02 Watch Tower
32:18 Watch Tower
32:25 Watch Tower
32:26 Watch Tower
32:27 Watch Tower
33:15 Watch Tower
33:17 Watch Tower
37:36 Watch Tower
38:45 Watch Tower
39:49 Watch Tower
40:57 Watch Tower
41:23 Watch Tower
41:26 Watch Tower
41:27 Watch Tower
41:28 Watch Tower
41:30 Watch Tower
42:05 Watch Tower
43:11 Watch Tower
43:53 Watch Tower
44:35 Watch Tower
45:32 Watch Tower
46:43 Watch Tower
48:07 Watch Tower
49:11 Watch Tower
50:21 Voodoo Lounge
50:57 Watch Tower
51:02 Watch Tower
51:03 Watch Tower
52:19 Great Hall
» items
                
                | Lesser Clarity Potion | 6 |  | 
| Healing Salve | 3 |  | 
| Staff of Teleportation | 1 |  | 
| Boots of Speed | 1 |  | 
| Orb of Lightning | 1 |  | 
| Circlet of Nobility | 2 |  | 
                14 total
  
                Chat log
          
(02:38 / All) IcySolitude: DUCK SICK?
(02:41 / All) kum.2ez:  ? ?
(02:45 / All) kum.2ez: what sa u
(02:47 / All) IcySolitude: its a spoonerism
(02:52 / All) IcySolitude: meaning
(02:54 / All) IcySolitude: flip the first letters fucker
(04:21 / All) IcySolitude: i see
(04:22 / All) IcySolitude: bm bash
(04:28 / All) IcySolitude: This is our strategy.
(11:34 / Allies) kum.2ez: u can take expo
(15:22 / Allies) kum.2ez: aww whjat
(16:00 / Allies) kum.2ez: lol
(16:14 / All) kum.2ez: u got at ower :(
(22:07 / All) kum.2ez: Gg
(22:11 / All) kum.2ez: @e
(22:13 / All) kum.2ez: 2ez
(22:16 / All) PhNx.BaysicK: 2 long noob
(22:20 / All) kum.2ez: 2ez noob
(22:25 / All) NlGGERBAMA: my dick is too long maybe
(22:26 / All) PhNx.BaysicK: u cant win any other way right
(22:27 / Allies) kum.2ez: \hahahaha
(22:29 / All) kum.2ez: hahahahah
(22:33 / All) kum.2ez: i win every way
(22:38 / All) PhNx.BaysicK: noob way
(22:38 / All) kum.2ez: nice footman BTW
(23:36 / All) kum.2ez: tanks tanks tank
(24:04 / All) kum.2ez: hahahahah
(24:10 / All) kum.2ez: such a noob trick
(24:12 / All) kum.2ez: and u fell for it
(27:37 / Allies) kum.2ez: u go
(28:14 / Allies) kum.2ez: hahah
(29:21 / All) kum.2ez: i wont feel bad for u if u leave now
(31:14 / All) kum.2ez: rofl
(33:03 / Allies) kum.2ez: \awawww what
(33:13 / Allies) kum.2ez: how did he have sight there
(34:47 / All) kum.2ez: yo how much gold u got
(34:54 / All) IcySolitude: I have been baking the whole game
(34:58 / All) IcySolitude: sitting under 50 pop
(35:00 / All) IcySolitude: unlike you.
(35:00 / All) kum.2ez: baking cookites?
(35:07 / All) kum.2ez: cookies*
(35:12 / All) PhNx.BaysicK: cookites?
(35:23 / All) kum.2ez: ***
(35:28 / All) PhNx.BaysicK: ***
(36:12 / All) kum.2ez: yeah i wish i was banking all game
(36:14 / All) kum.2ez: im down to 166 gold
(36:24 / All) kum.2ez: luckily my friend has 16k
(39:47 / All) kum.2ez: more tanks
(39:49 / All) kum.2ez: is a good idea
(39:54 / All) kum.2ez: the first couple groups worked well
(44:01 / All) PhNx.BaysicK: i smell disk hack
(44:06 / All) PhNx.BaysicK: disc*
(44:09 / All) kum.2ez: what
(44:10 / All) NlGGERBAMA: YOU'RE A NOOB
(44:11 / All) kum.2ez: by you?
(44:15 / All) PhNx.BaysicK: do u guys smell disconnect hack?
(44:17 / All) kum.2ez: why would we disc hack u were gonna win lmao
(44:18 / All) IcySolitude: we have the time to go dl it.
(44:20 / All) PhNx.BaysicK: i know i do
(44:25 / All) kum.2ez: hahaha
(44:30 / All) kum.2ez: it would be funny
(44:38 / All) PhNx.BaysicK: i know right?
(44:38 / All) kum.2ez: i enjoy getting disc hacked tbqh
(44:43 / All) kum.2ez: this one time
(44:47 / All) kum.2ez: guy used 5 minute load hack
(44:48 / All) PhNx.BaysicK: like u enjoy getting it in the ass?
(44:56 / All) kum.2ez: then we convinced him to disc hack us before heroes were even out
(47:04 / All) kum.2ez: rofl
(47:07 / All) kum.2ez: nice invis knight
(47:09 / All) kum.2ez: sorry i blew it up
(47:39 / All) kum.2ez: u almost got a unit
(49:44 / All) NlGGERBAMA: 2ez
(49:45 / All) kum.2ez: 2ez
(49:50 / All) kum.2ez: go ahead and disc now
(50:47 / All) kum.2ez: u coulda made birds
(50:50 / All) kum.2ez: u big noobies
(51:30 / All) IcySolitude: bats.
(51:32 / All) kum.2ez: crap
(51:35 / All) kum.2ez: i hate long games
(52:23 / All) IcySolitude: Your strat, your time
(52:30 / All) kum.2ez: and your time
(52:31 / All) NlGGERBAMA: thank you
(52:39 / All) NlGGERBAMA: that's the freedom this country was founded on
(54:01 / All) kum.2ez: nice towers blue
(54:05 / All) kum.2ez: where u lern that strat
(57:53 / All) kum.2ez: 2ez
(58:01 / All) kum.2ez: plz disc
(58:07 / All) kum.2ez: i didnt earn this win
(58:09 / All) kum.2ez: was 2ez